 Dungeon Crawl Stone Soup version 0.29.1-12-g30fa7ad0bf (webtiles) character file.

Game seed: 7863710098838610980

210 croobank the Conjurer (level 5, 0/37 HPs)
             Began as a Demonspawn Conjurer on Dec 18, 2022.
             Slain by a black bear (2 damage)
             ... on level 4 of the Dungeon.
             The game lasted 00:12:30 (4462 turns).

croobank the Conjurer (Demonspawn Conjurer)         Turns: 4462, Time: 00:12:31

Health: 0/37       AC:  4    Str:  7    XL:     5   Next: 57%
Magic:  1/9        EV: 12    Int: 21    God:
Gold:   142        SH:  0    Dex: 12    Spells: 4/10 levels left

rFire   . . .      SeeInvis .   a - +2 dagger (speed)
rCold   . . .      Faith    .   (no shield)
rNeg    . . .      Spirit   .   f - +0 robe
rPois   +          Reflect  .   u - +0 hat "Xuor" {rPois}
rElec   .          Harm     .   (no cloak)
rCorr   .          Rampage  .   (no gloves)
Will    .....                   (no boots)
Stlth   ++........              (no amulet)
HPRegen 0.12/turn               (no ring)
MPRegen 0.11/turn               (no ring)

@: no status effects
A: thin metallic scales 1, powered by pain 1, demonic touch 1
a: no special abilities


You were on level 4 of the Dungeon.
You visited 1 branch of the dungeon, and saw 4 of its levels.

You collected 142 gold pieces.

Inventory:

Hand Weapons
 a - a +2 dagger of speed (weapon)
 d - a +0 hand axe
 l - a +0 long sword
 o - a +0 mace of draining
Missiles
 c - 6 javelins (quivered)
 v - 22 poisoned darts
Armour
 f - a +0 robe (worn)
 j - a +0 leather armour
 s - a +0 ring mail
 u - the +0 hat "Xuor" (worn) {rPois}
   (You found it on level 3 of the Dungeon)

   rPois:     It protects you from poison.
Magical Staves
 r - a staff of earth
Jewellery
 m - a ring of ice
Scrolls
 k - 2 scrolls of noise {unknown}
 n - 2 scrolls of teleportation
 p - 3 scrolls of identify
 t - a scroll of enchant weapon {unknown}
Potions
 b - a potion of magic
 g - 3 potions of curing {unknown}
 h - a potion of attraction {unknown}
 i - a potion of resistance {unknown}
 q - a potion of haste


   Skills:
 * Level 1.2 Fighting
 + Level 0.0 Short Blades
 + Level 2.9 Dodging
 + Level 3.1 Stealth
 + Level 3.0 Spellcasting
 + Level 4.8 Conjurations


You had 4 spell levels left.
You knew the following spells:

 Your Spells              Type           Power      Damage    Failure   Level
a - Magic Dart            Conj           92%        1d7       1%          1
b - Searing Ray           Conj           46%        2d6       2%          2
c - Dazzling Flash        Conj/Hex       26%        N/A       14%         3

Your spell library contained the following spells:

 Spells                   Type           Power      Damage    Failure   Level
 Shock                    Conj/Air       52%        1d6       4%          1
 Swiftness                Air            3%         N/A       36%         3
 Fulminant Prism          Conj/Hex       6%         3d7       43%         4
 Iskenderun's Mystic Bla  Conj/Tloc      13%        2d5       43%         4
 Airstrike                Air            1%         2d(1-17)  78%         4


Dungeon Overview and Level Annotations

Branches:
Dungeon (4/15)
 Temple: D:4-7

Altars:


Innate Abilities, Weirdness & Mutations

You are partially covered in thin metallic scales. (AC +2)
You sometimes gain a little power by taking damage.
Your touch may inflict minor irresistible damage on your foes.


Message History

What are your orders? t - Shout!
Orders for allies: a - Attack new target. p - Attack previous target. r - Retreat! s - Stop attacking. g - Guard the area. f - Follow me.
Anything else - Cancel.
Gang up on whom?
Press: ? - help, Dir - move target, f/p - black bear
Aim: a black bear (almost dead, berserk)
Okay, then.
You feel much better.
The black bear bites you but does no damage.
The black bear claws you. x2
You hit the black bear.
The black bear is almost dead.
The black bear completely misses you.
The black bear claws you but does no damage.
The black bear barely misses you.
You hit the black bear but do no damage.
The black bear is almost dead.
The black bear bites you. The black bear barely misses you.
The black bear claws you.
You hit the black bear.
The black bear is almost dead.
The black bear bites you. The black bear barely misses you.
The black bear claws you.
You barely miss the black bear. Your touch misses the black bear.
The black bear is almost dead.
The black bear barely misses you.
The black bear claws you but does no damage.
The black bear claws you.
* * * LOW HITPOINT WARNING * * *
An adder comes into view.
The adder hisses angrily.
You hit the black bear but do no damage.
The black bear is almost dead.
The black bear closely misses you. The black bear claws you.
* * * LOW HITPOINT WARNING * * *
The black bear claws you.
You die...

##............###.....
##.....................
##......................
#....................##.
#.......................
##...h##..##..#.........
##.....#...##..#.........
#......##.####...........
#..##....h@.###......###...
#....#...........S...##....#
##..................##......
#..................####..#.
.....#............# ##...
#....#.......#....# #...
###..........#....# ##..
####.......#....# ###
#.......##..## #


You could see a black bear (berserk) and an adder.

Vanquished Creatures
  Natasha (thrice) (D:3)
  4 adders
  3 worms
  3 dart slugs
  7 orcs
  7 endoplasms
  4 giant cockroaches
  3 goblins
  2 hobgoblins (D:1)
  3 jackals (D:4)
  4 quokkas
  7 ball pythons
  7 bats
  7 frilled lizards
  8 kobolds
  6 rats
78 creatures vanquished.

Notes
Turn   | Place    | Note
-------+----------+-------------------------------------------
     0 | D:1      | croobank the Demonspawn Conjurer began the quest for the
                  | Orb.
     0 | D:1      | Reached XP level 1. HP: 13/13 MP: 3/3
   217 | D:1      | Gained mutation: You are partially covered in thin metallic
                  | scales. (AC +2) [demonic ancestry]
   217 | D:1      | Reached XP level 2. HP: 19/19 MP: 3/5
   300 | D:1      | Found a faded altar of an unknown god.
   383 | D:1      | Learned a level 2 spell: Searing Ray
  1287 | D:2      | Reached XP level 3. HP: 10/24 MP: 3/6
  1544 | D:2      | Learned a level 3 spell: Dazzling Flash
  2126 | D:2      | Gained mutation: Your touch may inflict minor irresistible
                  | damage on your foes. [demonic ancestry]
  2126 | D:2      | Reached XP level 4. HP: 22/30 MP: 0/7
  3309 | D:3      | Noticed Natasha
  3314 | D:3      | Killed Natasha
  3748 | D:3      | Gained mutation: You sometimes gain a little power by
                  | taking damage. [demonic ancestry]
  3748 | D:3      | Reached XP level 5. HP: 35/35 MP: 9/9
  3870 | D:3      | Noticed Natasha
  3879 | D:3      | Killed Natasha
  3917 | D:3      | Noticed Natasha
  3928 | D:3      | Killed Natasha
  3929 | D:3      | Reached skill level 1 in Fighting
  4115 | D:3      | Identified the +0 hat "Xuor" {rPois}
  4420 | D:4      | Noticed a black bear
  4462 | D:4      | Slain by a black bear

Illustrated notes

Levels and vault maps discovered:
D:1:      lemuel_arrival_room, layout_basic,
          shapermc_ecumenical_altar_acropolis, dk_noncrumbling_2
D:2:      layout_basic, minmay_misc_feat_more_columns, kennysheep_generic_room_6
D:3:      layout_rooms, zin_scriptorium, st_stairs_12, grunt_ministairs_3,
          uniq_natasha
D:4:      layout_cave_pools, chequers_temple_overflow_statue_of_worship

Skill      XL: |  1  2  3  4  5 |
---------------+----------------+-----
Stealth        | 2 3 |  3.1
Dodging        | 2 |  2.9
Spellcasting   | 3 |  3.0
Fighting       | 1 |  1.2
Conjurations   | |  4.8

Action                   |  1- 3 |  4- 6 || total
-------------------------+-------+-------++-------
Melee: Dagger            |    42 |    48 ||    90
       Punch             |     1 |     1 ||     2
       Touch             |       |    11 ||    11
Throw: Javelin           |     1 |       ||     1
 Cast: Magic Dart        |    36 |    14 ||    50
       Searing Ray       |    14 |    18 ||    32
       Dazzling Flash    |       |     2 ||     2
  Use: Scroll            |     1 |     4 ||     5
       Potion            |       |     2 ||     2
 Stab: Sleeping          |     3 |     6 ||     9
Armor: Robe              |    12 |    15 ||    27
Dodge: Dodged            |    31 |    49 ||    80
